 Dungeon Crawl Stone Soup version 0.16-a0-3943-gb4b81e6 (webtiles) character file.

243 timbw the Insei (level 5, 0/38 HPs)
             Began as a Centaur Venom Mage on Feb 8, 2015.
             Was an Initiate of Ashenzari.
             Slain by an adder (5 damage)
             ... on level 4 of the Dungeon.
             The game lasted 00:08:56 (2016 turns).

timbw the Insei (Centaur Venom Mage)                Turns: 2016, Time: 00:08:56

Health: 0/38       AC:  4    Str: 10    XL:     5   Next: 82%
Magic:  4/6        EV:  9    Int: 14    God:    Ashenzari [......]
Gold:   132        SH:  0    Dex: 11    Spells: 2 memorised, 4 levels left

rFire  . . .     SeeInvis .       - Unarmed
rCold  . . .     Clarity  .     a - +0 robe
rNeg   . . .     SustAb   .     (no shield)
rPois  .         Gourm    .     (no helmet)
rElec  .         Spirit   .     (no cloak)
rCorr  .         Warding  .     (no gloves)
rMut   .         Stasis   .     (no barding)
MR     .....                    (no amulet)
Stlth  +.........               (no ring)
                                (no ring)

@: very quick, not resistant to hostile enchantments, very unstealthy
A: hooves 3, deformed body, speed 2, tough skin 3
a: Renounce Religion


You were on level 4 of the Dungeon.
You worshipped Ashenzari.
Ashenzari was noncommittal.
You were hungry.

You visited 1 branch of the dungeon, and saw 5 of its levels.

You collected 132 gold pieces.

Inventory:

Armour
 a - a +0 robe (worn)
Magical devices
 o - a wand of disintegration (13)
Scrolls
 i - 2 scrolls of remove curse
 m - a scroll of identify {unknown}
Potions
 d - a potion of might {unknown}
 e - a potion of heal wounds {unknown}
 l - a potion of curing {unknown}
 p - a potion of berserk rage {unknown}
Books
 b - a Young Poisoner's Handbook

   Spells                             Type                      Level
   a - Sting                          Conjuration/Poison           1
   b - Cure Poison                    Poison                       2
   c - Mephitic Cloud                 Conjuration/Poison/Air       3
   d - Olgreb's Toxic Radiance        Poison                       4
   e - Venom Bolt                     Conjuration/Poison           5
Comestibles
 c - 3 bread rations
 g - a chunk of flesh
 h - 2 meat rations
 k - a slice of pizza
 n - a beef jerky
 q - 3 fruits


   Skills:
 - Level 1.3 Dodging
 - Level 1.2 Stealth
 + Level 5.7 Unarmed Combat
 - Level 1.5 Spellcasting
 - Level 3.2 Poison Magic


You had 4 spell levels left.
You knew the following spells:

 Your Spells              Type           Power        Failure   Level  Hunger
a - Sting                 Conj/Pois      #...         14%         1    ##.....
b - Cure Poison           Pois           ##........   12%         2    ###....


Dungeon Overview and Level Annotations

Branches:
Dungeon (5/15)
 Temple: D:4-7

Altars:
Ashenzari
Dithmenos
Fedhas
Makhleb
Vehumet
Yredelemnul
Zin
The Shining One


Innate Abilities, Weirdness & Mutations

You have hooves in place of feet.
Armour fits poorly on your strangely shaped body.
You cover ground very quickly.
You have extremely tough skin (AC +3).


Message History

Casting: Sting
Confirm with . or Enter, or press ? or * to list all spells.
Aiming: Sting
Press: ? - help, Shift-Dir - straight line, f/p - adder
Aim: an adder (lightly wounded)
The sting hits the adder.
The adder is moderately wounded.
Casting: Sting
Confirm with . or Enter, or press ? or * to list all spells.
Okay, then.
You feel sick.
You are no longer poisoned.
There is an open door here.
Casting: Sting
Confirm with . or Enter, or press ? or * to list all spells.
Aiming: Sting
Press: ? - help, Shift-Dir - straight line, f/p - adder
Aim: an adder (moderately wounded)
The sting misses the adder.
The adder bites you.
You die...

#.# #######'######. #.#
#>......... #.#
#.#.######. #.#
#.#.######. #.#
#.#........ #.#
#.########. #.#####
#.##.......
#.....#######.##.......
#.....@S...##)##.......
##....####.##..........
#....# #.##.##.......
#....# #.##.##.......
###### #.##.##.......
#.##.##.......
#####.......<.....
#######.........#.......
#...............#.......


You could see an adder.

Vanquished Creatures
  An ogre (D:4)
  3 worker ants
  2 adders
  2 giant mites
  A worm (D:4)
  2 giant geckos
  2 orcs
  6 bats
  3 giant cockroaches
  5 hobgoblins
  3 jackals (D:3)
  3 kobolds (D:3)
  3 quokkas
  A ball python (D:2)
  4 giant newts
  2 goblins
  2 rats
45 creatures vanquished.

Vanquished Creatures (others)
  10 toadstools (D:2)
10 creatures vanquished.

Grand Total: 55 creatures vanquished

Notes
Turn   | Place    | Note
--------------------------------------------------------------
     0 | D:1      | timbw, the Centaur Venom Mage, began the quest for the Orb.
     0 | D:1      | Reached XP level 1. HP: 14/14 MP: 2/2
   208 | D:2      | Reached skill level 1 in Unarmed Combat
   208 | D:2      | Reached XP level 2. HP: 12/20 MP: 0/3
   492 | D:2      | Found a glowing silver altar of Zin.
   506 | D:2      | Found a radiant altar of Vehumet.
   508 | D:2      | Found a burning altar of Makhleb.
   513 | D:2      | Found a basalt altar of Yredelemnul.
   553 | D:2      | Reached XP level 3. HP: 24/26 MP: 0/5
   661 | D:2      | Found a blossoming altar of Fedhas.
   930 | D:3      | Found a shattered altar of Ashenzari.
   931 | D:3      | Found a glowing golden altar of the Shining One.
   939 | D:3      | Became a worshipper of Ashenzari the Shackled
  1081 | D:3      | Found a shadowy altar of Dithmenos.
  1244 | D:4      | Reached XP level 4. HP: 31/33 MP: 0/5
  1265 | D:4      | Reached skill level 4 in Unarmed Combat
  1277 | D:4      | Learned a level 2 spell: Cure Poison
  1469 | D:4      | Noticed an ogre
  1610 | D:4      | Killed an ogre
  1610 | D:4      | Reached skill level 5 in Unarmed Combat
  1610 | D:4      | Reached XP level 5. HP: 38/38 MP: 0/6
  1770 | D:5      | Entered Level 5 of the Dungeon
  2016 | D:4      | Slain by an adder

Action                   |  1- 3 |  4- 6 || total
-------------------------+-------+-------++-------
Melee: Unarmed           |    80 |    27 ||   107
 Cast: Sting             |    46 |    31 ||    77
       Cure Poison       |       |     1 ||     1
  Use: Scroll            |       |     2 ||     2
  Eat: Chunk             |     2 |     2 ||     4
